 Dungeon Crawl Stone Soup version 0.29-a0-1019-g84f7d21838 (webtiles) character file.

Game seed: 10041082564264742666

0 bladeefan the Trooper (level 1, 0/14 HPs)
             Began as a Gargoyle Monk on Aug 10, 2022.
             Slain by a hobgoblin (1 damage)
             ... on level 1 of the Dungeon.
             The game lasted 00:00:19 (158 turns).

bladeefan the Trooper (Gargoyle Monk)                Turns: 158, Time: 00:00:20

Health: 0/14       AC:  4    Str: 14    XL:     1   Next: 10%
Magic:  1/1        EV: 12    Int: 10    God:
Gold:   0          SH:  0    Dex: 12    Spells: 0/0 levels left

rFire   . . .      SeeInvis .   (no weapon)
rCold   . . .      Faith    .   (no shield)
rNeg    + . .      Spirit   .   b - +0 robe
rPois   ∞          Reflect  .   (no helmet)
rElec   +          Harm     .   (no cloak)
rCorr   .          Rampage  .   (no gloves)
Will    .....                   (no boots)
Stlth   ++........              (no amulet)
HPRegen 0.04/turn               (no ring)
MPRegen 0.07/turn               (no ring)

@: no status effects
A: sickness immunity, AC +2, negative energy resistance 1, electricity
resistance, torment resistance 1, petrification resistance
a: no special abilities


You were on level 1 of the Dungeon.
You visited 1 branch of the dungeon, and saw 1 of its levels.

Inventory:

Hand Weapons
 a - a +0 mace
Armour
 b - a +0 robe (worn)
Jewellery
 d - a +4 ring of protection
   (You found it on level 1 of the Dungeon)
Potions
 c - a potion of ambrosia


   Skills:
 + Level 3.3 Fighting
 * Level 3.0 Maces & Flails
 + Level 2.4 Dodging
 + Level 2.2 Stealth


You couldn't memorise any spells.
You didn't know any spells.
Your spell library was empty.

Dungeon Overview and Level Annotations

Branches:
Dungeon (1/15)

Altars:


Innate Abilities, Weirdness & Mutations

You are immune to sickness and miasma.
Your stone body is resilient. (AC +2)
You are immune to poison.
You resist negative energy. (rN+)
You are resistant to electric shocks. (rElec)
You are resistant to unholy torment.
You are immune to petrification.


Message History

[Y]es or [N]o only, please.
Really attack while wielding nothing? [Y]es or [N]o only, please.
Really attack while wielding nothing? [Y]es or [N]o only, please.
Really attack while wielding nothing? [Y]es or [N]o only, please.
Really attack while wielding nothing? [Y]es or [N]o only, please.
Really attack while wielding nothing?
Okay, then.
The hobgoblin barely misses you. The hobgoblin hits you.
* * * LOW HITPOINT WARNING * * *
The hobgoblin hits you.
* * * LOW HITPOINT WARNING * * *
The hobgoblin closely misses you. The hobgoblin barely misses you.
The hobgoblin completely misses you.
Unknown command.
The hobgoblin misses you.
Unknown command.
The hobgoblin hits you but does no damage.
The hobgoblin barely misses you.
Unknown command.
The hobgoblin barely misses you. The hobgoblin barely misses you.
Unknown command.
The hobgoblin hits you.
* * * LOW HITPOINT WARNING * * *
The hobgoblin hits you.
* * * LOW HITPOINT WARNING * * *
The hobgoblin closely misses you. The hobgoblin barely misses you.
Unknown command.
The hobgoblin hits you but does no damage.
Unknown command.
The hobgoblin hits you but does no damage.
The hobgoblin closely misses you.
Unknown command.
The hobgoblin barely misses you.
Unknown command.
The hobgoblin hits you but does no damage.
The hobgoblin misses you.
Unknown command.
The hobgoblin barely misses you. The hobgoblin barely misses you.
Unknown command.
The hobgoblin hits you.
You die...

#.#.####
♣#...#.....'.
###'###..#
#~♣..#.....#.
#≈~≈~≈#..#
###..#######.
#~≈~≈~#..#
#..........
#≈~≈~≈#..####
#..........
#≈≈~≈≈#.....
#♣♣##.#.#♣#
####'###..#
#♣.♣#
#.........#
##♣
#.......g@#
#########.#
#..# .....
..#.### #..
.. ### ..#
#.. ...


You could see a hobgoblin.

Vanquished Creatures
  A ball python (D:1)
1 creature vanquished.

Notes
Turn   | Place    | Note
-------+----------+-------------------------------------------
     0 | D:1      | bladeefan the Gargoyle Monk began the quest for the Orb.
     0 | D:1      | Reached XP level 1. HP: 14/14 MP: 1/1
   158 | D:1      | Slain by a hobgoblin

Illustrated notes

Levels and vault maps discovered:
D:1:      saegor_arrival_under_anarchy, layout_rooms,
          shapermc_ecumenical_altar_petra, serial_rivers,
          chequers_serial_rivers_micro_d, chequers_serial_rivers_room_b,
          chequers_serial_rivers_room_a, chequers_serial_rivers_room_a,
          chequers_serial_rivers_room_b, chequers_serial_rivers_small_b,
          minmay_octomino_j4

Action                   || total
-------------------------++-------
Melee: Mace              ||     1
Armor: Robe              ||     7
Dodge: Dodged            ||    24

Table legend: (Time is in decaauts)
 A = Elapsed time spent in this place.
 B = Non-inter-level travel time spent in this place.
 C = Inter-level travel time spent in this place.
 D = Time resting spent in this place.
 E = Time spent auto-exploring this place.
 F = Levels seen in this place.
 G = Mean time per level.
                   A        B        C        D        E       F      G
               +--------+--------+--------+--------+--------+-----+--------+
         Total |    160 |    160 |      0 |      0 |    111 |   1 |  160.0 |
       Dungeon |    160 |    160 |      0 |      0 |    111 |   1 |  160.0 |
               +--------+--------+--------+--------+--------+-----+--------+

Top non-repeatable levels by time:
     D:1: 160 daAuts
